TOP OF THE 1ST |
Phoenix Giants batting - Pitching for Hawaii Islanders : RHP Mark Dempsey
|
Pitching: RHP Mark Dempsey
|
|
Batting: LHB Gordon Hahn
|
0-0: Called Strike 0-1: Swinging Strike 0-2: Strikes out swinging
|
Batting: LHB Raymond Rivas
|
0-0: Ball 1-0: Ground out 4-3 (Groundball, 4, EV 81.9 MPH)
|
Batting: LHB Ernie Riles
|
0-0: Ball 1-0: Foul Ball, location: 2F 1-1: Ball 2-1: SINGLE (Groundball, 5S, EV 70.6 MPH) (infield hit)
|
Batting: SHB John Macauley
|
0-0: Called Strike 0-1: Ball 1-1: Called Strike 1-2: Foul Ball, location: 2F 1-2: Ball 2-2: Fly out, F8 (Flyball, 8LD, EV 98.1 MPH)
|
Top of the 1st over - 0 runs, 1 hit, 0 errors, 1 left on base; Phoenix 0 - Hawaii 0 |
BOTTOM OF THE 1ST |
Hawaii Islanders batting - Pitching for Phoenix Giants : RHP Hal Dues
|
Pitching: RHP Hal Dues
|
|
Batting: LHB Leo Sutherland
|
0-0: Ball 1-0: Ground out U3 (Groundball, 3, EV 103.8 MPH)
|
Batting: LHB Creighton Tevlin
|
0-0: Ball 1-0: Called Strike 1-1: Foul Ball, location: 2F 1-2: Ball 2-2: Foul Ball, location: 2F 2-2: Ball 3-2: Fly out, F7 (Flyball, 78D, EV 88.8 MPH)
|
Batting: RHB Dave L Stapleton
|
0-0: Called Strike 0-1: Foul Ball, location: 2F 0-2: Ball 1-2: Fly out, F7 (Flyball, 7, EV 91.3 MPH)
|
Bottom of the 1st over - 0 runs, 0 hits, 0 errors, 0 left on base; Phoenix 0 - Hawaii 0 |
TOP OF THE 2ND |
Phoenix Giants batting - Pitching for Hawaii Islanders : RHP Mark Dempsey
|
Batting: RHB Paul Zuvella
|
0-0: Ball 1-0: Fly out, F9 (Line Drive, 9, EV 95.0 MPH)
|
Batting: LHB Joseph Bruno
|
0-0: Called Strike 0-1: Ground out 4-3 (Groundball, 4, EV 85.0 MPH)
|
Batting: SHB Razor Shines
|
0-0: Called Strike 0-1: Swinging Strike 0-2: Strikes out swinging
|
Top of the 2nd over - 0 runs, 0 hits, 0 errors, 0 left on base; Phoenix 0 - Hawaii 0 |
BOTTOM OF THE 2ND |
Hawaii Islanders batting - Pitching for Phoenix Giants : RHP Hal Dues
|
Batting: LHB Dom Fucci
|
0-0: Foul Ball, location: 2F 0-1: Ball 1-1: Foul Ball, location: 2F 1-2: Strikes out swinging
|
Batting: LHB Jerry Willard
|
0-0: SINGLE (Groundball, 6D, EV 96.9 MPH)
|
Batting: RHB Joe Strain
|
0-0: Foul Ball, location: 2F 0-1: Swinging Strike 0-2: Ball 1-2: DOUBLE (Line Drive, 89M, EV 113.1 MPH) Jerry Willard to third
|
Batting: LHB Joe DeSa
|
0-0: Reached on error, E8 (Flyball, 89M, EV 93.8 MPH) Jerry Willard scores Joe Strain to third
|
Batting: RHB Rob Teegarden
|
0-0: Fly out, F8 (Flyball, 8RD, EV 90.0 MPH) Runner from 3rd tags up, OUT at HOME! 8-2
|
Bottom of the 2nd over - 1 run, 2 hits, 1 error, 1 left on base; Phoenix 0 - Hawaii 1 |
TOP OF THE 3RD |
Phoenix Giants batting - Pitching for Hawaii Islanders : RHP Mark Dempsey
|
Batting: LHB Glenn Arnett
|
0-0: Ball 1-0: Ball 2-0: Ball 3-0: Called Strike 3-1: Base on Balls
|
Batting: LHB Frank Gill
|
0-0: Called Strike 0-1: Ball 1-1: Ball 2-1: Fielders Choice at 2nd, 6-4 (Groundball, 6, EV 101.3 MPH)
|
Batting: LHB Gordon Hahn
|
0-0: Reached on error, E5 (Groundball, 56, EV 86.3 MPH) Frank Gill to second
|
Batting: LHB Raymond Rivas
|
0-0: Ball 1-0: Ball 2-0: Called Strike 2-1: Ball 3-1: Foul Ball, location: 2F 3-2: SINGLE (Line Drive, 7S, EV 100.6 MPH) Frank Gill to third Gordon Hahn to second Runner from 3rd tries for Home, SAFE, throw by LF to home
|
Batting: LHB Ernie Riles
|
0-0: Ball 1-0: Foul Ball, location: 2F 1-1: Swinging Strike 1-2: TRIPLE (Flyball, 89XD, EV 105.6 MPH) Gordon Hahn scores Raymond Rivas scores
|
Batting: SHB John Macauley
|
0-0: Ball 1-0: Ball 2-0: Called Strike 2-1: Ball 3-1: Foul Ball, location: 2F 3-2: Foul Ball, location: 2F 3-2: Base on Balls
|
Batting: RHB Paul Zuvella
|
0-0: Ball 1-0: Ball 2-0: Ball 3-0: Called Strike 3-1: SINGLE (Line Drive, 9S, EV 93.8 MPH) Ernie Riles scores John Macauley to second Runner from 2nd tries for 3rd, SAFE, no throw by RF
|
Batting: LHB Joseph Bruno
|
0-0: Called Strike 0-1: Grounds into double play, 6-4-3 (Groundball, 6, EV 91.9 MPH)
|
Top of the 3rd over - 4 runs, 3 hits, 1 error, 1 left on base; Phoenix 4 - Hawaii 1 |
BOTTOM OF THE 3RD |
Hawaii Islanders batting - Pitching for Phoenix Giants : RHP Hal Dues
|
Batting: SHB Danny Torres
|
0-0: Ball 1-0: Foul Ball, location: 2F 1-1: SINGLE (Line Drive, 8RS, EV 110.0 MPH)
|
Batting: LHB Leo Sutherland
|
0-0: Fly out, F3 (Popup, 34S, EV 90.0 MPH)
|
Batting: LHB Creighton Tevlin
|
0-0: Called Strike 0-1: Swinging Strike 0-2: Ball 1-2: Foul Ball, location: 2F 1-2: Ball 2-2: Foul Ball, location: 2F 2-2: Foul Ball, location: 2F 2-2: Ball 3-2: Fielders Choice at 2nd, 6-4 (Groundball, 6, EV 80.6 MPH)
|
Batting: RHB Dave L Stapleton
|
0-0: Ball 1-0: Ball 2-0: Foul Ball, location: 2F 2-1: Called Strike 2-2: Ball 3-2: Base on Balls Creighton Tevlin to second
|
Batting: LHB Dom Fucci
|
0-0: Ball 1-0: Swinging Strike 1-1: Foul Ball, location: 2F 1-2: Strikes out looking
|
Bottom of the 3rd over - 0 runs, 1 hit, 0 errors, 2 left on base; Phoenix 4 - Hawaii 1 |
TOP OF THE 4TH |
Phoenix Giants batting - Pitching for Hawaii Islanders : RHP Mark Dempsey
|
Batting: SHB Razor Shines
|
0-0: Foul Ball, location: 2F 0-1: SINGLE (Groundball, 6, EV 78.1 MPH) (infield hit)
|
Batting: LHB Glenn Arnett
|
0-0: Called Strike 0-1: Ball 1-1: Called Strike 1-2: Ball 2-2: Foul Ball, location: 2F 2-2: Ball 3-2: Strikes out swinging
|
Batting: LHB Frank Gill
|
0-0: Ball 1-0: Called Strike 1-1: Called Strike 1-2: Strikes out looking
|
Batting: LHB Gordon Hahn
|
0-0: Ball 1-0: Ball 2-0: Ball 3-0: Called Strike 3-1: Foul Ball, location: 2F 3-2: Foul Ball, location: 2F 3-2: Foul Ball, location: 2F 3-2: Strikes out swinging
|
Top of the 4th over - 0 runs, 1 hit, 0 errors, 1 left on base; Phoenix 4 - Hawaii 1 |
BOTTOM OF THE 4TH |
Hawaii Islanders batting - Pitching for Phoenix Giants : RHP Hal Dues
|
Batting: LHB Jerry Willard
|
0-0: Ball 1-0: Ball 2-0: Ball 3-0: Base on Balls
|
Batting: RHB Joe Strain
|
0-0: Foul Ball, location: 2F 0-1: Grounds into double play, 6-4-3 (Groundball, 6, EV 85.0 MPH)
|
Batting: LHB Joe DeSa
|
0-0: Ball 1-0: Ball 2-0: Called Strike 2-1: Foul Ball, location: 2F 2-2: Ground out U3 (Groundball, 3, EV 102.5 MPH)
|
Bottom of the 4th over - 0 runs, 0 hits, 0 errors, 0 left on base; Phoenix 4 - Hawaii 1 |
TOP OF THE 5TH |
Phoenix Giants batting - Pitching for Hawaii Islanders : RHP Mark Dempsey
|
Batting: LHB Raymond Rivas
|
0-0: Swinging Strike 0-1: Called Strike 0-2: Ball 1-2: Foul Ball, location: 2F 1-2: Ball 2-2: DOUBLE (Line Drive, 7LD, EV 102.5 MPH)
|
Batting: LHB Ernie Riles
|
0-0: Called Strike 0-1: Ball 1-1: Called Strike 1-2: Ball 2-2: Ground out 3-1 (Groundball, 34S, EV 91.9 MPH) Raymond Rivas to third
|
Batting: SHB John Macauley
|
0-0: Ball 1-0: Foul Ball, location: 2F 1-1: Fly out, F4 (Popup, 4S, EV 81.3 MPH)
|
Batting: RHB Paul Zuvella
|
0-0: Called Strike 0-1: Called Strike 0-2: Ball 1-2: Ball 2-2: Ball 3-2: SINGLE (Line Drive, 8RS, EV 101.9 MPH) Raymond Rivas scores
|
Batting: LHB Joseph Bruno
|
0-0: Ball 1-0: Ball 2-0: Ground out U3 (Groundball, 3, EV 108.8 MPH)
|
Top of the 5th over - 1 run, 2 hits, 0 errors, 1 left on base; Phoenix 5 - Hawaii 1 |
BOTTOM OF THE 5TH |
Hawaii Islanders batting - Pitching for Phoenix Giants : RHP Hal Dues
|
Batting: RHB Rob Teegarden
|
0-0: Ball 1-0: Called Strike 1-1: Ball 2-1: Foul Ball, location: 2F 2-2: Fly out, F9 (Flyball, 9LS, EV 88.1 MPH)
|
Batting: SHB Danny Torres
|
0-0: Called Strike 0-1: Ball 1-1: Ball 2-1: Foul Ball, location: 2F 2-2: Fly out, F7 (Flyball, 7, EV 91.3 MPH)
|
Batting: LHB Leo Sutherland
|
0-0: Reached on error, E4 (Groundball, 4S, EV 75.6 MPH)
|
Batting: LHB Creighton Tevlin
|
0-0: Ball 1-0: Foul Ball, location: 2F 1-1: SINGLE (Groundball, 5S, EV 70.0 MPH) (infield hit) Leo Sutherland to second
|
Batting: RHB Dave L Stapleton
|
0-0: Ball 1-0: Foul Ball, location: 2F 1-1: Ball 2-1: Foul Ball, location: 2F 2-2: Ground out 5-3 (Groundball, 56, EV 103.8 MPH)
|
Bottom of the 5th over - 0 runs, 1 hit, 1 error, 2 left on base; Phoenix 5 - Hawaii 1 |
TOP OF THE 6TH |
Phoenix Giants batting - Pitching for Hawaii Islanders : RHP Mark Dempsey
|
Batting: SHB Razor Shines
|
0-0: Ball 1-0: Ground out 4-3 (Groundball, 4S, EV 91.9 MPH)
|
Batting: LHB Glenn Arnett
|
0-0: Swinging Strike 0-1: Called Strike 0-2: Ball 1-2: Foul Ball, location: 2F 1-2: Strikes out swinging
|
Batting: LHB Frank Gill
|
0-0: Called Strike 0-1: Ball 1-1: Ground out 5-3 (Groundball, 5, EV 104.4 MPH)
|
Top of the 6th over - 0 runs, 0 hits, 0 errors, 0 left on base; Phoenix 5 - Hawaii 1 |
BOTTOM OF THE 6TH |
Hawaii Islanders batting - Pitching for Phoenix Giants : RHP Hal Dues
|
Batting: LHB Dom Fucci
|
0-0: Called Strike 0-1: Called Strike 0-2: Ball 1-2: Foul Ball, location: 2F 1-2: Foul Ball, location: 2F 1-2: Foul Ball, location: 2F 1-2: Strikes out swinging
|
Batting: LHB Jerry Willard
|
0-0: Called Strike 0-1: Fly out, F7 (Flyball, 7D, EV 108.1 MPH)
|
Batting: RHB Joe Strain
|
0-0: Swinging Strike 0-1: Fly out, F9 (Line Drive, 9, EV 90.6 MPH)
|
Bottom of the 6th over - 0 runs, 0 hits, 0 errors, 0 left on base; Phoenix 5 - Hawaii 1 |
TOP OF THE 7TH |
Phoenix Giants batting - Pitching for Hawaii Islanders : RHP Mark Dempsey
|
Batting: LHB Gordon Hahn
|
0-0: Ball 1-0: Foul Ball, location: 2F 1-1: Swinging Strike 1-2: Foul Ball, location: 2F 1-2: Foul Ball, location: 2F 1-2: Strikes out looking
|
Batting: LHB Raymond Rivas
|
0-0: Called Strike 0-1: Swinging Strike 0-2: Ball 1-2: Foul Ball, location: 2F 1-2: Ball 2-2: Fly out, F7 (Flyball, 7S, EV 88.1 MPH)
|
Batting: LHB Ernie Riles
|
0-0: Ball 1-0: Ball 2-0: Ball 3-0: Called Strike 3-1: Foul Ball, location: 2F 3-2: Foul Ball, location: 2F 3-2: Base on Balls
|
Batting: SHB John Macauley
|
0-0: Ball Ernie Riles steals 2nd base (no throw) 1-0: 2-RUN HOME RUN (Flyball, 9D, EV 102.5 MPH), Distance : 362 ft
|
Pitching: RHP Michael Mahoski
|
|
Batting: RHB Paul Zuvella
|
0-0: Ball 1-0: Foul Ball, location: 2F 1-1: Ball 2-1: Swinging Strike 2-2: Foul Ball, location: 2F 2-2: Ball 3-2: SOLO HOME RUN (Flyball, 7D, EV 104.4 MPH), Distance : 380 ft
|
Pinch Hitting: LHB Lawrence Thomas
|
0-0: Called Strike 0-1: Ball 1-1: Ball 2-1: Swinging Strike 2-2: Ball 3-2: Fly out, F9 (Flyball, 9, EV 89.4 MPH)
|
Top of the 7th over - 3 runs, 2 hits, 0 errors, 0 left on base; Phoenix 8 - Hawaii 1 |
BOTTOM OF THE 7TH |
Hawaii Islanders batting - Pitching for Phoenix Giants : RHP Hal Dues
|
Now in LF: Mike Reynolds
|
|
Pinch Hitting: RHB James Barbe
|
0-0: Ball 1-0: Swinging Strike 1-1: Ground out 5-3 (Groundball, 56, EV 107.5 MPH)
|
Batting: RHB Rob Teegarden
|
0-0: Ball 1-0: Ball 2-0: Ball 3-0: Base on Balls
|
Batting: SHB Danny Torres
|
0-0: Called Strike 0-1: Ball 1-1: Ball 2-1: Fly out, F8 (Flyball, 8LD, EV 93.8 MPH)
|
Pitching: RHP Terry Cornutt
|
|
Batting: LHB Leo Sutherland
|
0-0: Called Strike 0-1: Ball 1-1: Foul Ball, location: 2F 1-2: Strikes out swinging
|
Bottom of the 7th over - 0 runs, 0 hits, 0 errors, 1 left on base; Phoenix 8 - Hawaii 1 |
TOP OF THE 8TH |
Phoenix Giants batting - Pitching for Hawaii Islanders : RHP Michael Mahoski
|
Now at 1B: James Barbe
|
|
Batting: SHB Razor Shines
|
0-0: Ball 1-0: DOUBLE (Line Drive, 7LS, EV 100.6 MPH)
|
Batting: LHB Glenn Arnett
|
0-0: Ball 1-0: Foul Ball, location: 2F 1-1: Called Strike 1-2: Strikes out looking
|
Batting: LHB Frank Gill
|
0-0: Called Strike 0-1: Ball 1-1: Called Strike 1-2: Foul Ball, location: 2F 1-2: Foul Ball, location: 2F 1-2: Ball 2-2: Foul Ball, location: 2F 2-2: Strikes out swinging
|
Batting: LHB Gordon Hahn
|
0-0: Ball 1-0: Called Strike 1-1: Ball 2-1: Called Strike 2-2: Ball 3-2: Base on Balls
|
Pinch Hitting: RHB Tom Wieghaus
|
0-0: SINGLE (Groundball, 4MD, EV 109.4 MPH) Razor Shines to third Gordon Hahn to second Runner from 3rd tries for Home, SAFE, throw by CF to home
|
Batting: LHB Ernie Riles
|
0-0: DOUBLE (Flyball, 89XD, EV 106.9 MPH) Gordon Hahn scores Tom Wieghaus to third Runner from 3rd tries for Home, SAFE, throw by CF to trailing runner, SAFE at third!
|
Batting: SHB John Macauley
|
0-0: Ball 1-0: Ball 2-0: Ball 3-0: Called Strike 3-1: Foul Ball, location: 2F 3-2: Base on Balls
|
Batting: RHB Paul Zuvella
|
0-0: Foul Ball, location: 2F 0-1: SINGLE (Groundball, 4MD, EV 110.0 MPH) Ernie Riles scores John Macauley to second
|
Pitching: RHP Dave Shipanoff
|
|
Batting: LHB Mike Reynolds
|
0-0: Called Strike 0-1: Ball 1-1: Ground out 1-3 (Groundball, 15S, EV 67.5 MPH)
|
Top of the 8th over - 4 runs, 4 hits, 0 errors, 2 left on base; Phoenix 12 - Hawaii 1 |
BOTTOM OF THE 8TH |
Hawaii Islanders batting - Pitching for Phoenix Giants : RHP Terry Cornutt
|
Now at C: Tom Wieghaus
|
|
Batting: LHB Creighton Tevlin
|
0-0: Ball 1-0: Called Strike 1-1: Fly out, F9 (Flyball, 9D, EV 104.4 MPH)
|
Batting: RHB Dave L Stapleton
|
0-0: Ball 1-0: Called Strike 1-1: Fly out, F9 (Flyball, 9, EV 85.6 MPH)
|
Batting: LHB Dom Fucci
|
0-0: Foul Ball, location: 2F 0-1: SINGLE (Groundball, 4M, EV 101.9 MPH)
|
Batting: LHB Jerry Willard
|
0-0: Foul Ball, location: 2F 0-1: Swinging Strike 0-2: Ball 1-2: Foul Ball, location: 2F 1-2: SINGLE (Groundball, 56, EV 96.3 MPH) Dom Fucci to second
|
Batting: RHB Joe Strain
|
0-0: Ball 1-0: SINGLE (Line Drive, 9LS, EV 104.4 MPH) Dom Fucci to third Jerry Willard to second Runner from 3rd tries for Home, SAFE, throw by RF to home
|
Batting: RHB James Barbe
|
0-0: Ball 1-0: DOUBLE (Flyball, 8LXD, EV 108.1 MPH) Jerry Willard scores Joe Strain to third Runner from 3rd tries for Home, SAFE, throw by CF to home
|
Batting: RHB Rob Teegarden
|
0-0: Called Strike 0-1: Ball 1-1: Foul Ball, location: 2F 1-2: Hit by Pitch
|
Batting: SHB Danny Torres
|
0-0: Ball 1-0: Ball 2-0: Ball 3-0: Called Strike 3-1: Base on Balls James Barbe to third Rob Teegarden to second
|
Batting: LHB Leo Sutherland
|
0-0: Ball 1-0: Ball 2-0: Ball 3-0: Called Strike 3-1: Swinging Strike 3-2: Ground out 4-3 (Groundball, 4M, EV 105.0 MPH)
|
Bottom of the 8th over - 3 runs, 4 hits, 0 errors, 3 left on base; Phoenix 12 - Hawaii 4 |
TOP OF THE 9TH |
Phoenix Giants batting - Pitching for Hawaii Islanders : RHP Dave Shipanoff
|
Batting: SHB Razor Shines
|
0-0: Ball 1-0: Foul Ball, location: 2F 1-1: Fly out, F5 (Popup, 25F, EV 91.3 MPH)
|
Batting: LHB Glenn Arnett
|
0-0: Ball 1-0: Ground out 5-3 (Groundball, 6S, EV 64.4 MPH)
|
Batting: LHB Frank Gill
|
0-0: Foul Ball, location: 2F 0-1: Ball 1-1: Foul Ball, location: 2F 1-2: Ball 2-2: Ball 3-2: Foul Ball, location: 2F 3-2: Fly out, F8 (Flyball, 78M, EV 90.6 MPH)
|
Top of the 9th over - 0 runs, 0 hits, 0 errors, 0 left on base; Phoenix 12 - Hawaii 4 |
BOTTOM OF THE 9TH |
Hawaii Islanders batting - Pitching for Phoenix Giants : RHP Terry Cornutt
|
Batting: LHB Creighton Tevlin
|
0-0: Called Strike 0-1: Ball 1-1: Ball 2-1: Fly out, F6 (Flyball, 56D, EV 83.1 MPH)
|
Batting: RHB Dave L Stapleton
|
0-0: Called Strike 0-1: Ball 1-1: Foul Ball, location: 2F 1-2: Fly out, F4 (Flyball, 4D, EV 90.0 MPH)
|
Batting: LHB Dom Fucci
|
0-0: Ground out 4-3 (Groundball, 4, EV 77.5 MPH)
|
Bottom of the 9th over - 0 runs, 0 hits, 0 errors, 0 left on base; Phoenix 12 - Hawaii 4 |
|